Map: Dash and Terminal LE (Void)

Players

Death

  • Race: Zerg Zerg
  • League: Diamond

ArchangeL - Winner!

  • Race: Terran Terran
  • League: Diamond

VOD

Have the link to the VOD?

Description

Time

  • Played on: Sept. 5, 2015, 10:34 a.m.
  • Length: 15:01
Show
View Real Time Build Order
Export as new Build Order

Death Zerg 

Build Orders: Hatch First 

Get SALT Encoding   

  12  0:01  Drone  
  13  0:12  Overlord  
  13  0:16  Drone  
  14  0:22  Extractor  
  14  0:24  Drone  
  15  0:32  Drone  
  15  0:35  Drone  
  17  0:45  Drone  
  18  1:03  Hatchery  
  17  1:10  Spawning Pool  
  16  1:15  Drone x2  
  18  1:19  Drone  
  19  1:29  Drone  
  20  1:39  Drone  
  21  1:49  Overlord  
  21  2:00  Zergling x2  
  22  2:07  Queen  
  24  2:14  Queen  
  26  2:19  Zergling x2  
  26  2:21  Drone  
  28  2:23  Drone  
  28  2:29  Spore Crawler  
  29  2:37  Overlord  
  29  2:41  Zergling x2  
  29  2:42  Zergling x2  
  29  2:43  Queen  
  32  2:50  Queen  
  34  2:56  Drone x2  
  34  2:57  Drone  
  37  2:58  Drone  
  38  3:06  Drone, Extractor x2  
  37  3:13  Drone  
  37  3:14  Drone x2  
  37  3:15  Drone  
  37  3:17  Overlord  
  37  3:18  Queen  
  43  3:20  Drone  
  44  3:29  Overlord  
  44  3:36  Drone x3  
  44  3:39  Drone  
  48  3:55  Evolution Chamber, Roach Warren  
  47  3:56  Lair  
  47  3:57  Evolution Chamber  
  45  4:03  Drone x4  
  45  4:04  Spine Crawler  
  45  4:07  Extractor  
  45  4:08  Extractor  
  45  4:09  Drone x2  
  48  4:11  Drone  
  49  4:23  Drone x2  
  51  4:24  Drone  
  51  4:25  Zerg Missile Weapons Level 1  
  52  4:33  Overlord  
  52  4:34  Overlord x2  
  52  4:50  Overlord x2  
  52  5:02  Roach x2  
  52  5:03  Roach x4  
  62  5:16  Roach x3  
  62  5:17  Roach x2  
  63  5:42  Ravager x3  
  56  5:43  Ravager x2  
  56  5:45  Roach x9  
  74  5:51  Queen  
  74  6:23  Drone  
  74  6:24  Drone  
  74  6:25  Drone  
  77  6:26  Roach Warren  
  77  6:30  Overlord x2  
  76  6:35  Drone  
  76  6:36  Drone x3  
  76  6:37  Drone x2  
  82  6:41  Zerg Missile Weapons Level 2  
  82  6:56  Zerg Ground Armor Level 1  
  82  6:57  Hatchery  
  81  7:10  Roach x8  
  97  7:15  Metabolic Boost  
  97  7:20  Baneling Nest  
  97  7:21  Overseer  
  96  7:27  Overlord x2  
  90  7:44  Ravager x3  
  90  7:46  Ravager x2  
  94  8:04  Centrifical Hooks  
  94  8:05  Glial Reconstitution  
  94  8:08  Overlord x3  
  94  8:14  Queen  
  94  8:17  Zergling x4  
  94  8:18  Zergling x14  
  105  8:20  Drone x5  
  105  8:26  Extractor  
  105  8:27  Roach  
  111  8:36  Baneling x5  
  111  8:37  Baneling x8  
  111  8:39  Drone x3  
  114  8:42  Drone  
  114  8:44  Baneling x2  
  114  8:46  Drone x2  
  117  8:48  Drone  
  118  9:06  Zerg Ground Armor Level 2  
  118  9:08  Drone x3  
  118  9:09  Hatchery  
  120  9:10  Roach  
  120  9:14  Ravager x5  
  129  9:17  Roach  
  129  9:19  Zergling x4  
  129  9:20  Zergling x2  
  129  9:22  Overseer  
  132  9:26  Extractor  
  132  9:29  Drone x3  
  132  9:30  Drone x2  
  127  9:48  Zergling x18  
  127  9:49  Zergling x4  
  138  9:57  Zerg Melee Weapons Level 1  
  138  10:02  Zergling x10  
  143  10:11  Baneling x12  
  143  10:12  Baneling x12  
  143  10:17  Roach  
  143  10:19  Overlord x4  
  105  10:50  Zergling x20  
  105  10:51  Zergling x16  
  123  11:01  Roach x5  
  133  11:10  Baneling  
  133  11:11  Baneling x17  
  133  11:13  Baneling x10  
  133  11:14  Baneling x8  
  133  11:16  Zergling x6  
  134  11:40  Roach x8  
  134  11:43  Hatchery  
  134  11:56  Zergling x20  
  141  12:07  Roach x4  
  144  12:19  Baneling  
  144  12:20  Baneling x9  
  145  12:23  Roach x7  
  157  12:30  Zergling x6  
  157  12:31  Zergling x2  
  137  12:58  Zergling x2  
  137  12:59  Zergling x22  
  143  13:14  Baneling x2  
  143  13:17  Baneling x2  
  143  13:19  Baneling x6  
  143  13:21  Baneling  
  143  13:22  Baneling x16  
  143  13:23  Baneling  
  143  13:24  Roach x2  
  143  13:26  Ravager  
  143  13:27  Ravager x3  
  151  13:28  Ravager  
  151  13:29  Ravager  
  151  13:30  Ravager x2  
  151  13:31  Hatchery, Ravager  
  151  13:32  Ravager  
  156  13:35  Ravager  
  156  13:39  Ravager  
  158  13:47  Zergling x10  
  158  13:48  Zergling x4  
  140  14:04  Zergling x8  
  140  14:05  Zergling x8  
  142  14:25  Baneling  
  142  14:26  Baneling x23  
  142  14:27  Baneling  
  142  14:28  Baneling  
  142  14:29  Baneling  
Show
View Real Time Build Order
Export as new Build Order

ArchangeL Terran - Winner!

Build Orders: Liberator Opening, Reaper Expand, MMM Bio 

Get SALT Encoding   

  12  0:01  SCV  
  13  0:13  SCV  
  14  0:18  Supply Depot  
  14  0:25  SCV  
  15  0:40  SCV  
  15  0:41  Barracks  
  16  0:44  Refinery  
  16  0:54  SCV  
  17  1:06  SCV  
  18  1:18  SCV  
  19  1:28  Reaper  
  19  1:32  Orbital Command  
  20  1:43  Command Center  
  20  1:50  Refinery  
  20  1:57  SCV  
  21  2:04  Factory  
  21  2:09  SCV  
  21  2:13  Supply Depot  
  22  2:22  SCV  
  23  2:34  Barracks Reactor  
  23  2:35  SCV  
  24  2:47  SCV  
  24  2:49  Starport  
  25  3:00  Orbital Command  
  25  3:02  SCV  
  26  3:14  SCV  
  26  3:16  Hellion x2  
  31  3:25  Viking  
  34  3:27  SCV  
  34  3:28  SCV  
  34  3:30  Barracks Tech Lab  
  35  3:37  Hellion x2  
  35  3:40  SCV  
  35  3:41  SCV, Supply Depot  
  41  3:48  Armory  
  41  3:52  Stimpack, Marauder  
  41  3:53  SCV  
  44  3:59  Liberator  
  44  4:01  SCV  
  49  4:02  Hellion  
  49  4:03  Hellion  
  49  4:06  Supply Depot  
  49  4:07  SCV  
  50  4:13  Marauder  
  55  4:21  SCV x2  
  57  4:25  Hellion  
  59  4:33  SCV x2  
  63  4:45  SCV x2, Marauder  
  63  4:52  Supply Depot  
  65  4:56  Command Center  
  63  5:10  SCV x2  
  62  5:30  SCV x2  
  62  5:42  SCV x2  
  60  5:44  Marauder  
  60  5:45  Hellion x2, Medivac  
  60  5:48  Command Center  
  60  5:49  Barracks x2  
  68  5:50  Refinery, Engineering Bay  
  68  5:51  Refinery, Barracks  
  68  5:52  Supply Depot, Engineering Bay  
  68  5:54  SCV x2  
  70  6:06  SCV  
  69  6:11  SCV  
  70  6:18  SCV  
  70  6:22  Marauder  
  70  6:25  Combat Shields  
  70  6:28  Terran Infantry Weapons Level 1  
  70  6:30  Supply Depot x2, Orbital Command  
  70  6:32  SCV x2  
  72  6:41  Refinery  
  72  6:42  Refinery  
  72  6:43  Medivac x2  
  72  6:44  SCV x2, Factory Reactor, Marine  
  72  6:45  Marine x3  
  80  6:54  Terran Infantry Armor Level 1  
  80  7:02  Marine  
  80  7:03  Marine x2  
  80  7:05  SCV x2  
  80  7:06  SCV, Supply Depot  
  80  7:08  Marauder  
  88  7:11  Supply Depot  
  88  7:18  Supply Depot x2, Medivac x2  
  92  7:24  Barracks Reactor x2  
  92  7:26  Missile Turret  
  92  7:27  Missile Turret  
  92  7:28  Missile Turret  
  92  7:29  Factory Reactor  
  92  7:34  Supply Depot  
  92  7:45  Marauder, Marine x2  
  96  7:51  SCV x2  
  96  7:52  SCV  
  99  8:01  Marine x4  
  99  8:02  Medivac  
  99  8:03  Marine x2, Medivac  
  109  8:07  Planetary Fortress, Barracks  
  109  8:08  Barracks x2  
  109  8:09  Marauder  
  109  8:12  Supply Depot  
  111  8:17  SCV x2  
  111  8:19  Widow Mine x2  
  117  8:23  Terran Infantry Weapons Level 2  
  117  8:25  Marine x6  
  117  8:26  Concussive Shells  
  123  8:27  Terran Vehicle Weapons Level 1  
  123  8:30  Marine  
  124  8:35  Medivac  
  124  8:36  Medivac  
  128  8:43  Supply Depot  
  128  8:44  Factory, Marine x4  
  132  8:49  Marine x2  
  132  8:50  Marine  
  132  8:51  Refinery  
  132  8:52  Missile Turret  
  132  8:53  Refinery  
  135  8:55  Missile Turret  
  135  9:00  Hellion x2, Terran Infantry Armor Level 2  
  135  9:01  Marine x2  
  142  9:05  Marine  
  142  9:06  Marine  
  142  9:09  Barracks Reactor x2, Barracks Tech Lab  
  143  9:10  Supply Depot  
  143  9:12  Marine  
  143  9:13  Marine x2  
  146  9:19  Marine x2  
  80  9:24  Hellion x2, Medivac x2  
  156  9:32  Marine x6  
  156  9:37  Marine x2  
  158  9:45  Command Center  
  148  9:46  Marine x4  
  148  9:49  Marine  
  148  9:50  Marauder x2, Marine  
  148  9:52  Hellion x2, Marine  
  162  9:53  Marine  
  162  9:55  Marine x2  
  162  9:59  Factory Reactor  
  166  10:03  Marine, Liberator  
  166  10:04  Marine x3, Liberator  
  170  10:07  Marine x2  
  170  10:12  Marauder x2  
  176  10:16  Marine x4  
  186  10:21  Command Center, Marine  
  186  10:22  Marine  
  188  10:33  Marauder  
  176  10:38  Marine x3  
  176  10:40  Marine x6  
  176  10:41  Marauder, Marine  
  155  10:54  Marauder  
  155  10:56  Marine  
  158  10:57  Marine  
  158  10:58  Marine x2  
  158  11:00  Marine x6  
  158  11:02  Hellion x2, Marauder  
  165  11:11  Planetary Fortress  
  165  11:13  Missile Turret, Marine  
  165  11:15  Marine x2  
  165  11:16  Marauder, Missile Turret, Marine  
  165  11:18  Marine x4  
  173  11:20  Marine x2  
  173  11:21  Terran Infantry Weapons Level 3, Terran Infantry Armor Level 3  
  173  11:24  Marauder  
  179  11:31  Hellion x2  
  183  11:37  Marauder  
  183  11:39  Marine x10  
  185  11:49  Marine  
  167  11:56  Hellion x2, Marine  
  167  11:57  Marine x3  
  167  11:59  Marauder  
  175  12:06  Liberator  
  175  12:07  Marine x3  
  175  12:08  Marauder, Liberator, Marine  
  181  12:10  Marine  
  181  12:11  Marine  
  181  12:14  Marine x3  
  186  12:20  Marauder, Marine  
  177  12:25  Marine x4  
  177  12:28  Marine x2  
  177  12:29  Marauder  
  180  12:40  Marine x4  
  180  12:41  Marauder  
  180  12:43  Marine x4  
  172  12:46  Marine x2  
  172  12:51  Marauder  
  154  12:54  Hellion x2  
  154  12:58  Marine x3  
  157  12:59  Liberator x2  
  157  13:01  Marine x5  
  157  13:03  Marauder  
  157  13:04  Marine x2  
  168  13:08  Hellion  
  168  13:12  Marauder  
  172  13:16  Marine x3  
  172  13:19  Marine x3  
  184  13:26  Marine x3  
  184  13:27  Marauder, Marine  
  189  13:34  Marine, Marauder  
  192  13:41  Planetary Fortress  
  195  13:48  Marauder  
  195  13:54  Marine x3  
  195  13:55  Marauder  
  173  14:00  Command Center  
  173  14:01  Command Center, Marine  
  173  14:02  Marine x6  
  173  14:10  Hellion, Marauder  
  173  14:12  Marine x3  
  173  14:16  Marauder  
  178  14:19  Marine  
  178  14:21  Marine  
  178  14:22  Marine x5  
  175  14:24  Medivac x2  
  175  14:27  Starport  
  175  14:30  Marine x3  
  184  14:31  Marauder  
  184  14:32  Hellion x2  
  184  14:37  Marine  
Tags
 
Add a new tag
Caveats
  • Supply blocks, unpowered buildings, or Contaminate may cause inaccurate times.
  • Supply counts are checked every 10 seconds.